 Dungeon Crawl Stone Soup version 0.29.0-4-gdea44cf6ec (webtiles) character file.

Game seed: 1445465105622097909

42 nicolae the Poker (level 3, 27/27 HPs)
             Began as a Demonspawn Gladiator on Aug 27, 2022.
             Quit the game on level 2 of the Dungeon.
             The game lasted 00:01:45 (1199 turns).

nicolae the Poker (Demonspawn Gladiator)            Turns: 1199, Time: 00:01:45

Health: 27/27      AC:  5    Str: 14    XL:     3   Next: 35%
Magic:  3/3        EV: 12    Int:  9    God:
Gold:   79         SH:  0    Dex: 16    Spells: 2/2 levels left

rFire   . . .      SeeInvis .   a - +0 trident
rCold   . . .      Faith    .   (no shield)
rNeg    . . .      Spirit   .   b - +0 leather armour
rPois   .          Reflect  .   c - +0 helmet
rElec   .          Harm     .   (no cloak)
rCorr   .          Rampage  .   p - +0 pair of gloves
Will    .....                   (no boots)
Stlth   +.........              (no amulet)
HPRegen 0.09/turn               (no ring)
MPRegen 0.08/turn               (no ring)

@: no status effects
A: spiny 1
a: no special abilities


You were on level 2 of the Dungeon.
You visited 1 branch of the dungeon, and saw 2 of its levels.

You collected 79 gold pieces.

Inventory:

Hand Weapons
 a - a +0 trident (weapon)
Missiles
 d - 3 throwing nets (quivered)
 e - a javelin
Armour
 b - a +0 leather armour (worn)
 c - a +0 helmet (worn)
 p - a +0 pair of gloves (worn)
Scrolls
 g - a scroll of acquirement {unknown}
 h - a scroll of identify {unknown}
 j - a scroll of teleportation {unknown}
 k - a scroll of immolation {unknown}
 q - a scroll of enchant weapon {unknown}
Potions
 f - a potion of berserk rage {unknown}
 i - a potion of flight {unknown}
 l - a potion of curing {unknown}
 m - a potion of heal wounds {unknown}
 n - a potion of degeneration {unknown}
 o - a potion of brilliance {unknown}


   Skills:
 - Level 2.0 Fighting
 + Level 4.1 Polearms
 - Level 1.7 Throwing
 - Level 2.6 Dodging


You had 2 spell levels left.
You didn't know any spells.
Your spell library was empty.

Dungeon Overview and Level Annotations

Branches:
Dungeon (2/15)

Altars:


Innate Abilities, Weirdness & Mutations

You are partially covered in sharp spines.


Message History

A kobold comes into view. It is wielding a +0 dagger.
You reach to attack!
The helpless kobold fails to defend itself.
You hit the kobold.
You kill the kobold!
No target in view!
A goblin comes into view. It is wielding a +0 club.
The goblin shouts!
You barely miss the goblin. The goblin hits you but does no damage.
You closely miss the goblin. The goblin is struck by your spines.
The goblin hits you but does no damage.
You puncture the goblin!
You kill the goblin!
No target in view!
No target in view!
Things that are here:
a +0 club; a goblin corpse A hobgoblin comes into view.
The hobgoblin shouts!
You reach to attack!
You hit the hobgoblin.
The hobgoblin is moderately wounded.
You closely miss the hobgoblin.
The hobgoblin is moderately wounded.
The hobgoblin is struck by your spines. The hobgoblin hits you.
You barely miss the hobgoblin.
The hobgoblin is severely wounded.
The hobgoblin hits you. The hobgoblin is struck by your spines.
You kill the hobgoblin!
No target in view!
You see here a hobgoblin corpse.
Found a stone staircase leading down.
There is a stone staircase leading down here.
Found a stone staircase leading up.
No target in view!
q - a scroll labelled WAMADYPSAU
There is a stone staircase leading up here.
Done exploring.
Done exploring.
Unknown command.
Are you sure you want to abandon this character and quit the game? (Confirm with "yes".)

P.....P♣♣..........#.#....#......
PP...PP♣♣.....###....###...♣.♣##.
♣PP.PP♣♣..........<.##........##.
♣♣♣.♣♣♣♣#............#.....♣.♣.#.
♣.♣♣ #......<.♣♣...............
#..# #.......♣♣♣.♣.......♣.♣...
##.###......♣♣♣P.♣♣♣.........#.
##...........♣♣P.P♣♣♣♣.#..♣.♣...
##............♣♣@..PP♣♣♣#.##.#...
#.............†♣.♣...PP♣#.#..##..
#................♣♣P...♣.........
#.........##..#...♣♣PP.♣#........
#.........#..#....♣♣.♣♣♣.##.#...(
#..................♣♣♣♣..........
#...........######## #..####♣♣♣.
#...............# #..# ♣♣..P
#...............# #..# ♣.P♣♣


There were no monsters in sight!

Vanquished Creatures
  An adder (D:2)
  4 endoplasms (D:2)
  4 goblins
  2 hobgoblins
  3 quokkas (D:1)
  4 ball pythons
  6 bats
  2 frilled lizards
  5 kobolds
  A rat (D:1)
32 creatures vanquished.

Notes
Turn   | Place    | Note
-------+----------+-------------------------------------------
     0 | D:1      | nicolae the Demonspawn Gladiator began the quest for the
                  | Orb.
     0 | D:1      | Reached XP level 1. HP: 16/16 MP: 1/1
    15 | D:1      | Found a faded altar of an unknown god.
   115 | D:1      | Reached skill level 3 in Polearms
   180 | D:1      | Gained mutation: You are partially covered in sharp spines.
                  | [demonic ancestry]
   180 | D:1      | Reached XP level 2. HP: 22/22 MP: 2/2
   852 | D:2      | Reached XP level 3. HP: 27/27 MP: 3/3
   862 | D:2      | Reached skill level 4 in Polearms
  1199 | D:2      | Quit the game

Illustrated notes

Levels and vault maps discovered:
D:1:      heliophobic_arrival_ceremonial_halls, layout_rooms,
          nicolae_ecumenical_snake_handling
D:2:      layout_rooms, serial_forest, infiniplex_forest_fountain,
          infiniplex_forest_end_double, infiniplex_forest_side_room,
          infiniplex_forest_corner_1, infiniplex_forest_clump_small,
          infiniplex_forest_zigzag_2, infiniplex_forest_lined_3,
          infiniplex_forest_lined_room_2, infiniplex_forest_3_way

Skill      XL: |  1  2  3 |
---------------+----------+-----
Polearms       | 3 4 |  4.1
Fighting       | |  2.0
Throwing       | |  1.7
Dodging        | |  2.6

Action                   || total
-------------------------++-------
Melee: Trident           ||    72
       Punch             ||     1
 Stab: Sleeping          ||     3
Armor: Leather armour    ||    16
Dodge: Dodged            ||    29
